 Dungeon Sprint DCSS version 0.31.0-9-g3a7656b989 (webtiles) character file.

Game seed: 9755531704668381822

860 Heoruswealwe the Spear-Bearer (level 7, -2/73 HPs)
             Began as a Minotaur Fighter on Feb 4, 2024.
             Was an Initiate of Gozag.
             Killed from afar by a gargoyle (12 damage)
             ... with a stone arrow
             ... in the Dungeon (Sprint IX: "|||||||||||||||||||||||||||||").
             The game lasted 00:01:24 (154 turns).

Heoruswealwe the Spear-Bearer (Minotaur Fighter)     Turns: 154, Time: 00:01:25

Health: -2/73      AC:  8    Str: 22    XL:     7   Next: 71%
Magic:  6/6        EV:  9    Int:  5    God:    Gozag
Gold:   765        SH:  4    Dex: 10    Spells: 6/6 levels left

rFire   . . .        a - +0 trident
rCold   . . .        d - +0 buckler
rNeg    . . .        c - +0 scale mail
rPois   .            (helmet restricted)
rElec   .            (no cloak)
rCorr   .            (no gloves)
SInv    .            (no boots)
Will    .....        (no amulet) Stlth
                     (no ring)
HPRegen 0.32/turn    (no ring)
MPRegen 0.10/turn

%: no teleportation
@: no status effects
A: horns 2, retaliatory headbutt
a: Renounce Religion, Potion Petition, Call Merchant, Bribe Branch


You were in the Dungeon.
You worshipped Gozag.
Gozag was pleased with you.
You visited 1 branch You collected 765 gold pieces.

Inventory:

Hand Weapons
 a - a +0 trident (weapon)
Armour
 c - a +0 scale mail (worn)
 d - a +0 buckler (worn)
Jewellery
 k - a +3 ring of dexterity
 l - a +3 ring of intelligence
Wands
 h - a wand of iceblast (10)
Scrolls
 j - 2 scrolls of blinking
Potions
 b - a potion of might
 e - 5 potions of curing
 f - 3 potions of heal wounds
 g - a potion of haste
 i - a potion of berserk rage


   Skills:
 + Level 10.8 Fighting
 * Level 14.3 Polearms
 + Level 10.8 Armour
 - Level 3.6 Shields


You had 6 spell levels left.
You didn't know any spells.
Your spell library was empty.

Dungeon Overview and Level Annotations

Branches:
Dungeon (1/1)

Altars:
Cheibriados
Dithmenos
Elyvilon
Fedhas
Gozag
Hepliaklqana
Kikubaaqudgha
Makhleb
Nemelex Xobeh
Okawaru
Qazlal
Ru
Sif Muna
Trog
Uskayaw
Vehumet
Wu Jian
Xom
Yredelemnul
Zin
The Shining One
Jiyva
Lugonu


Innate Abilities, Weirdness & Mutations

You have a pair of horns on your head.
You reflexively headbutt those who attack you in melee.


Message History

The yak is severely wounded.
The yak closely misses you. You furiously retaliate!
You headbutt the yak!
You kill the yak!
You hit the yak. You headbutt the yak, but do no damage.
The yak is lightly wounded.
The yak closely misses you.
You hit the yak but do no damage.
The yak is lightly wounded.
You hit the yak but do no damage.
The yak is lightly wounded.
The yak gores you!
* * * LOW HITPOINT WARNING * * *
You hit the yak but do no damage.
The yak is lightly wounded.
You hit the yak.
The yak is moderately wounded.
The yak completely misses you. You furiously retaliate!
You headbutt the yak! You hit the yak. You headbutt the yak.
The yak is severely wounded.
The yak gores you!
* * * LOW HITPOINT WARNING * * *
You puncture the yak!
You kill the yak!
Your Polearms skill increases to level 14!
You now have 297 gold pieces.
You now have enough gold to petition Gozag for potion effects.
You now have 603 gold pieces (gained 306).
You see here a +0 orcbow.
You now have 765 gold pieces (gained 162).
There is an open door to the Dungeon, spattered with blood here.
You see here a +0 orcbow.
You open the door.
A gargoyle, a two-headed ogre, a troll, a deep elf pyromancer and a vampire mosquito come into view.
The two-headed ogre shouts in stereo!
The deep elf pyromancer shouts!
The vampire mosquito buzzes angrily.
The deep elf pyromancer gestures wildly while chanting.
The gargoyle hurls a stone arrow at you.
The stone arrow hits you!
You die...
Your body crumbles into a pile of gold.

▓.▓
▓.▓
▓'▓
▓)▓
▓.▓
▓.▓
▓.▓
▓.▓
▓@▓
▓'▓
▓9▓
▓O▓
▓T▓
▓{▓
▓e▓
▓y▓


You could see a two-headed ogre, a deep elf pyromancer, a troll, a vampire
mosquito and a gargoyle.

Vanquished Creatures
  4 yaks (D)
  A water moccasin (D)
  A centaur (D)
  A killer bee (D)
  A gnoll bouda (D)
  2 iguanas (D)
  A dart slug (D)
  An orc (D)
  An endoplasm (D)
  A goblin (D)
  A kobold (D)
  A quokka (D)
16 creatures vanquished.

Notes
Turn   | Place    | Note
-------+----------+-------------------------------------------
     0 | D        | Heoruswealwe the Minotaur Fighter began the quest for the
                  | Orb.
     0 | D        | Reached XP level 1. HP: 19/19 MP: 0/0
     7 | D        | Reached skill level 3 in Polearms
    11 | D        | Reached skill level 4 in Polearms
    16 | D        | Reached XP level 2. HP: 25/28 MP: 1/1
    27 | D        | Noticed a water moccasin
    34 | D        | Reached skill level 5 in Fighting
    34 | D        | Reached skill level 6 in Polearms
    34 | D        | Reached skill level 5 in Armour
    34 | D        | Reached XP level 3. HP: 36/36 MP: 2/2
    46 | D        | Reached skill level 7 in Polearms
    46 | D        | Reached XP level 4. HP: 34/45 MP: 3/3
    48 | D        | Killed a water moccasin
    49 | D        | Reached skill level 9 in Polearms
    49 | D        | Reached XP level 5. HP: 40/53 MP: 4/4
    55 | D        | Found a snail-covered altar of Cheibriados.
    55 | D        | Found a shadowy altar of Dithmenos.
    55 | D        | Found a white marble altar of Elyvilon.
    55 | D        | Found a blossoming altar of Fedhas.
    55 | D        | Found an opulent altar of Gozag.
    56 | D        | Found a hazy altar of Hepliaklqana.
    57 | D        | Found a viscous altar of Jiyva.
    58 | D        | Found an ancient bone altar of Kikubaaqudgha.
    59 | D        | Found a corrupted altar of Lugonu.
    60 | D        | Found a burning altar of Makhleb.
    61 | D        | Found a sparkling altar of Nemelex Xobeh.
    62 | D        | Found an iron altar of Okawaru.
    63 | D        | Became a worshipper of Gozag Ym Sagoz the Greedy
    64 | D        | Found a stormy altar of Qazlal.
    65 | D        | Found a sacrificial altar of Ru.
    66 | D        | Found a shimmering blue altar of Sif Muna.
    67 | D        | Found a bloodstained altar of Trog.
    68 | D        | Found a hide-covered altar of Uskayaw.
    69 | D        | Found a radiant altar of Vehumet.
    70 | D        | Found an ornate altar of the Wu Jian Council.
    71 | D        | Found a shimmering altar of Xom.
    72 | D        | Found a basalt altar of Yredelemnul.
    73 | D        | Found a glowing silver altar of Zin.
    74 | D        | Found a glowing golden altar of the Shining One.
    99 | D        | Noticed a yak
    99 | D        | Noticed a centaur
    99 | D        | Noticed a yak
    99 | D        | Noticed a yak
    99 | D        | Noticed a yak
   108 | D        | Killed a yak
   109 | D        | Reached skill level 11 in Polearms
   109 | D        | Reached XP level 6. HP: 48/62 MP: 5/5
   115 | D        | Reached skill level 12 in Polearms
   119 | D        | Killed a yak
   120 | D        | Reached XP level 7. HP: 37/71 MP: 6/6
   127 | D        | Reached skill level 10 in Fighting
   127 | D        | Reached skill level 13 in Polearms
   127 | D        | Reached skill level 10 in Armour
   132 | D        | Killed a yak
   139 | D        | Killed a yak
   140 | D        | Reached skill level 14 in Polearms
   154 | D        | Noticed a gargoyle
   154 | D        | Noticed a two-headed ogre
   154 | D        | Noticed a troll
   154 | D        | Noticed a deep elf pyromancer
   154 | D        | Noticed a vampire mosquito
   154 | D        | Killed from afar by a gargoyle

Illustrated notes

Levels and vault maps discovered:
D:        linesprint [early_d, line_temple, items_1, d_10, items_2, lair_1,
          lair_end, items_3, orc_1, orc_end, items_4, d_15, swamp_1, shoals_1,
          snake_1, spider_1, d_20, vaults_1, items_5, swamp_end, shoals_end,
          snake_end, spider_end, vaults_end, d_27, items_6, zot_1, zot_end,
          crypt_end, forest_end, elf_end, slime_end, tomb_end, abyss_end,
          pan_hell_end]

Skill      XL: |  1  2  3  4  5  6  7 |
---------------+----------------------+-----
Polearms       | 4 6 7 9 11 12 14 | 14.3
Fighting       | 4 5 6 7 8 9 10 | 10.8
Armour         | 4 5 6 7 8 9 10 | 10.8
Shields        | |  3.6

Action                     |  1- 3 |  4- 6 |  7- 9 || total
---------------------------+-------+-------+-------++-------
  Melee: Trident           |    30 |    22 |    19 ||    71
         Headbutt          |     3 |     5 |     7 ||    15
 Armour: Scale mail        |    10 |    17 |     8 ||    35
  Dodge: Dodged            |    10 |     4 |     6 ||    20
  Block: Buckler           |     2 |     4 |     1 ||     7
